 Dungeon Crawl Stone Soup version 0.23-a0-448-g1c01f63 (webtiles) character file.

2179 Dfrag the Geomancer (level 9, 0/68 HPs)
             Began as a Deep Dwarf Earth Elementalist on Nov 19, 2018.
             Was a Follower of Makhleb.
             Slain by an orc warrior
             ... wielding a cursed -3 mace
              (9 damage)
             ... on level 7 of the Dungeon.
             The game lasted 00:17:21 (6557 turns).

Dfrag the Geomancer (Deep Dwarf Earth Elementalist) Turns: 6557, Time: 00:17:21

Health: 0/68       AC:  5    Str: 13    XL:     9   Next: 11%
Magic:  10/20      EV: 13    Int: 18    God:    Makhleb [*.....]
Gold:   402        SH:  0    Dex: 19    Spells: 19/25 levels left

rFire    . . .     SeeInvis .   E - +2 dire flail (drain)
rCold    . . .     Gourm    .   (shield currently unavailable)
rNeg     . . .     Faith    .   G - +2 animal skin
rPois    .         Spirit   .   F - +1 helmet
rElec    .         Reflect  .   (no cloak)
rCorr    .         Harm     .   o - +0 pair of gloves
MR       +....                  (no boots)
Stlth    ++........             (no amulet)
HPRegen  0.00/turn              D - -2 ring of protection (curse)
MPRegen  0.17/turn              A - +6 ring of dexterity

@: non-regenerating
A: damage resistance, heal wounds, sense surroundings 2, no regeneration
a: Heal Wounds, Renounce Religion


You were on level 7 of the Dungeon.
You worshipped Makhleb.
Makhleb was aware of your devotion.
You were not hungry.

You visited 2 branches of the dungeon, and saw 8 of its levels.
You also visited: Sewer.

You collected 402 gold pieces.

Inventory:

Hand Weapons
 u - a +0 dagger
 E - a +2 dire flail of draining (weapon)
Missiles
 s - 185 stones (quivered)
 C - 9 tomahawks
 I - 6 exploding tomahawks
Armour
 c - a +0 robe
 o - a +0 pair of gloves (worn)
 q - a +0 helmet
 F - a +1 helmet (worn)
 G - a +2 animal skin (worn)
Magical Staves
 i - an uncursed staff of fire
Jewellery
 A - a +6 ring of dexterity (right hand)
 D - a cursed -2 ring of protection (left hand)
Wands
 l - a wand of digging (4)
 w - a wand of disintegration (10)
 x - a wand of acid (10)
 B - a wand of iceblast (10)
Scrolls
 f - 3 scrolls of magic mapping
 g - 2 scrolls of blinking {unknown}
 h - 4 scrolls of remove curse
 j - a scroll of fog {unknown}
 m - 4 scrolls of teleportation
 v - a scroll of enchant weapon {unknown}
 y - a scroll of enchant armour {unknown}
 H - a scroll of acquirement {unknown}
Potions
 a - 2 potions of might
 b - 4 potions of heal wounds
 e - 4 potions of curing
 k - 2 potions of lignification
 n - 3 potions of degeneration
 p - a potion of haste
 r - 6 potions of flight
 t - a potion of magic
 z - a potion of resistance
 J - 2 potions of invisibility {unknown}
Comestibles
 d - 25 rations
 K - a chunk of flesh


   Skills:
 - Level 2.1 Dodging
 - Level 2.4 Stealth
 * Level 8.5 Spellcasting
 - Level 0.8 Transmutations
 + Level 9.9 Earth Magic


You had 19 spell levels left.
You knew the following spells:

 Your Spells              Type           Power        Failure   Level  Hunger
a - Sandblast             Erth           #####.       1%          1    None
b - Stone Arrow           Conj/Erth      ####..       3%          3    None
c - Passwall              Tmut/Erth      ####....     1%          2    None

Your spell library contained the following spells:

 Spells                   Type           Power        Failure   Level  Hunger
 Lee's Rapid Deconstruct  Erth           #####.....   4%          5    #####..
 Confusing Touch          Hex            #.....       10%         1    None
 Infusion                 Chrm           #...         10%         1    None
 Petrify                  Tmut/Erth      ####....     10%         4    ###....
 Shroud of Golubria       Chrm/Tloc      #.........   14%         2    None
 Song of Slaying          Chrm           #.......     14%         2    None
 Confuse                  Hex            #.......     28%         3    None
 Gell's Gravitas          Tloc           #.........   28%         3    None
 Spectral Weapon          Hex/Chrm       #.......     28%         3    None
 Yara's Violent Unravell  Hex/Tmut       #.........   91%         5    #####..
 Metabolic Englaciation   Hex/Ice        #.........   95%         5    #####..
 Regeneration             Chrm/Necr      Unusable     N/A         3    N/A

Dungeon Overview and Level Annotations

Branches:
Dungeon (7/15)             Temple (1/1) D:5

Altars:
Cheibriados
Dithmenos
Elyvilon
Fedhas
Hepliaklqana
Kikubaaqudgha
Makhleb
Okawaru
Qazlal
Ru
Sif Muna
Trog
Uskayaw
Vehumet
Xom
Yredelemnul
Zin
The Shining One


Innate Abilities, Weirdness & Mutations

You are resistant to damage.
You can heal yourself by infusing magical energy.
You passively map the area around you.
You do not regenerate.


Message History

Press: ? - help, Shift-Dir - straight line, f/p - adder skeleton
Aim: an adder skeleton (severely damaged)
The stone arrow hits the adder skeleton.
You destroy the adder skeleton!
Makhleb accepts your kill.
Unknown command.
Things that are here:
a cursed -1 club; an orc corpse
There is an open door here.
There is an open door here.
Found a dagger.
There is an open door here.
You see here a dagger.
d - 25 rations (gained 1)
There is an open door here.
A jackal comes into view.
An orc warrior comes into view. It is wielding a -3 mace.
There is an open door here.
The orc warrior hits you with a cursed -3 mace!
You die...

.......... , , ,
....... .........#* ,
,, ....... .......#.#,
, * , , .... .#...#.#
.,*#### , *....
.#.....######..## *,, ,
* ....
.#...###..##....# * ,
....
.#...##....'....#### ,
....
....###....##..##o.##*
....
....####.†###'#'@...# ,
...
..###..#'##...##....#
##,
...'....##.....##.h##
...#...)#.......##'#**,
, ...##..##...8..)#*..#
,, , <..###'##.......#
...# , ,
...###..##.....## ,[.#
* ...##....##...##' .##
* , ...##....'#'### ,


You could see an orc warrior and a jackal (wandering).

Vanquished Creatures
  Duvessa (D:6)
  A hornet zombie (D:7)
  3 ogres (D:7)
  2 phantoms
  A centaur (D:7)
  A big kobold (Sewer)
  Blork the orc (D:4)
  5 bullfrogs
  A water moccasin zombie (D:3)
  Dowan (D:6)
  3 scorpions
  2 crimson imps
  A quasit (D:6)
  A hound (D:7)
  A centaur skeleton (D:7)
  3 orc wizards
  A bullfrog skeleton (D:2)
  An orc priest (D:6)
  Ijyb (D:4)
  4 worker ants
  A hound skeleton (D:6)
  A worker ant zombie (D:7)
  Robin (D:4)
  4 gnolls
  8 adders
  2 river rats (D:6)
  A shadow imp (D:7)
  3 oozes
  2 adder skeletons (D:7)
  2 worms
  2 dart slugs
  3 leopard geckos
  14 orcs
  5 giant cockroaches
  17 goblins
  13 hobgoblins
  5 jackals
  10 kobolds
  2 quokkas
  2 ball pythons (D:6)
  8 bats
  7 frilled lizards
  A quokka skeleton (D:6)
  A quokka zombie (D:6)
  20 rats
170 creatures vanquished.

Notes
Turn   | Place    | Note
-------+----------+-------------------------------------------
     0 | D:1      | Dfrag the Deep Dwarf Earth Elementalist began the quest for
                  | the Orb.
     0 | D:1      | Reached XP level 1. HP: 15/15 MP: 3/3
   309 | D:1      | Reached XP level 2. HP: 19/22 MP: 0/5
   855 | D:2      | Reached XP level 3. HP: 24/28 MP: 0/7
  1110 | D:2      | Learned a level 3 spell: Stone Arrow
  1138 | D:2      | Found a basalt altar of Yredelemnul.
  1316 | D:2      | Reached skill level 5 in Earth Magic
  1316 | D:2      | Reached XP level 4. HP: 17/36 MP: 0/8
  1512 | D:2      | Found a shimmering altar of Xom.
  1961 | D:3      | Reached XP level 5. HP: 24/42 MP: 0/10
  2810 | D:4      | Reached skill level 6 in Earth Magic
  3013 | D:4      | Reached XP level 6. HP: 11/49 MP: 0/12
  3104 | D:4      | Noticed Ijyb
  3110 | D:4      | HP: 1/49 [disintegration (10)]
  3114 | D:4      | Killed Ijyb
  3167 | D:4      | Noticed Blork the orc
  3170 | D:4      | Killed Blork the orc
  3279 | D:4      | Reached skill level 5 in Spellcasting
  3441 | D:4      | Noticed Robin
  3462 | D:4      | Killed Robin
  3556 | D:4      | Found a sacrificial altar of Ru.
  3641 | D:5      | Entered Level 5 of the Dungeon
  3702 | D:5      | Found a staircase to the Ecumenical Temple.
  3711 | Temple   | Entered the Ecumenical Temple
  4019 | D:5      | Reached XP level 7. HP: 33/55 MP: 5/14
  4040 | D:5      | Reached skill level 7 in Earth Magic
  4148 | D:5      | Found a burning altar of Makhleb.
  4148 | D:5      | Noticed a green death
  4152 | D:5      | Noticed a smoke demon
  4152 | D:5      | Noticed a smoke demon
  4249 | D:5      | Became a worshipper of Makhleb the Destroyer
  4417 | D:5      | Learned a level 2 spell: Passwall
  4580 | D:6      | Found a burning altar of Makhleb.
  4702 | D:6      | Found a shadowy altar of Dithmenos.
  4811 | D:6      | Found a glowing drain.
  4824 | D:6      | Reached * piety under Makhleb
  4918 | Sewer    | Entered a sewer
  4989 | Sewer    | Reached skill level 8 in Earth Magic
  4995 | Sewer    | Reached XP level 8. HP: 8/62 MP: 1/16
  5042 | Sewer    | Found a glowing silver altar of Zin.
  5223 | D:6      | Found a deep blue altar of Sif Muna.
  5450 | D:7      | Noticed Duvessa
  5450 | D:7      | Noticed Dowan
  5483 | D:6      | Killed Duvessa
  5485 | D:6      | Killed Dowan
  5914 | D:7      | Reached skill level 9 in Earth Magic
  6340 | D:7      | Gained mutation: You passively map the area around you.
                  | [Deep Dwarf growth]
  6340 | D:7      | Reached XP level 9. HP: 13/68 MP: 3/20
  6557 | D:7      | Slain by an orc warrior

Vault maps used:
D:1:      minmay_arrival_four_loops
D:2:      minmay_wonky_spiral, lemuel_coloured_pillars_altar, tgw_xom
D:3:      dk_noncrumbling_3
D:4:      chequers_mini_garden, serial_park_tiny_pond,
          chequers_decorated_corner, nicolae_ru_awakened_eye, uniq_ijyb,
          uniq_robin, uniq_blork_the_orc
D:5:      minmay_temple_entry_arrows, first_ration, makhleb_altar_promises_db
D:6:      grunt_dithmenos_smoke, nicolae_overflow_crystal_walls,
          lemuel_doored_altar, portal_sewer_entry_e, skrybe_limestone_x
D:7:      minmay_bubble_buster, serial_shops, shop, grunt_ogre_cave,
          minmay_door_square, uniq_duvessa
Temple:   dshaligram_water_room_temple
Sewer:    sewer_kobolds

Skill      XL: |  1  2  3  4  5  6  7  8 |
---------------+-------------------------+-----
Spellcasting   | 2 3 4 5 6 8 |  8.5
Earth Magic    | 5 6 8 9 |  9.9
Dodging        | |  2.1
Stealth        | |  2.4
Transmutations | |  0.8

Action                   |  1- 3 |  4- 6 |  7- 9 || total
-------------------------+-------+-------+-------++-------
Melee: Unarmed           |    50 |   162 |       ||   212
       Dagger            |       |    33 |       ||    33
       Staff             |       |     2 |       ||     2
       Dire flail        |       |    18 |    53 ||    71
 Cast: Sandblast         |    43 |    32 |    31 ||   106
       Stone Arrow       |     4 |    49 |    71 ||   124
 Abil: Heal Wounds       |       |     6 |     1 ||     7
Evoke: Wand              |       |     6 |    17 ||    23
  Use: Scroll            |       |     6 |     7 ||    13
       Potion            |       |       |     2 ||     2
 Stab: Sleeping          |       |     1 |       ||     1
  Eat: Chunk             |     2 |    13 |    11 ||    26
Armor: Robe              |    18 |    68 |       ||    86
       Animal skin       |       |     2 |    20 ||    22
       Skin              |       |       |    12 ||    12
Dodge: Dodged            |    39 |   178 |    74 ||   291

Table legend:
 A = Non-vault XP
 B = Vault XP
 C = Vault XP percentage of total XP
 D = Non-vault monster count
 E = Vault monster count
 F = Vault count percentage of total count
                 A         B        C        D         E       F
            +---------+---------+-------+---------+---------+-------
      Total |    2000 |    1113 |  35.8 |     120 |      50 |  29.4
            +---------+---------+-------+---------+---------+-------
        D:1 |      32 |       0 |   0.0 |      17 |       0 |   0.0
        D:2 |     119 |      28 |  19.0 |      23 |       9 |  28.1
        D:3 |     170 |       0 |   0.0 |      28 |       0 |   0.0
        D:4 |     166 |     165 |  49.8 |      13 |      13 |  50.0
        D:5 |     263 |       0 |   0.0 |      10 |       0 |   0.0
        D:6 |     642 |     254 |  28.3 |      18 |      10 |  35.7
        D:7 |     608 |     554 |  47.7 |      11 |       9 |  45.0
      Sewer |       0 |     112 | 100.0 |       0 |       9 | 100.0
            +---------+---------+-------+---------+---------+-------
